 Dungeon Crawl Stone Soup version 0.32-a0-42-ga30500b4d3 (webtiles) character file.

Game seed: 3557448669137607236

288 SHC the Magician (level 6, -1/41 HPs)
             Began as a Mummy Earth Elementalist on Feb 3, 2024.
             Slain by Eustachio
             ... wielding a +3 falchion of holy wrath
              (6 damage)
             ... on level 5 of the Dungeon.
             The game lasted 00:05:00 (3774 turns).

SHC the Magician (Mummy Earth Elementalist)         Turns: 3774, Time: 00:05:01

Health: -1/41      AC:  2    Str: 11    XL:     6   Next: 9%
Magic:  1/13       EV: 12    Int: 17    God:
Gold:   215        SH:  0    Dex: 12    Spells: 11/15 levels left

rFire   x . .        o - +4 whip
rCold   + . .        (no shield)
rNeg    + + +        a - +0 robe
rPois   ∞            (no helmet)
rElec   .            (no cloak)
rCorr   .            (no gloves)
SInv    .            (no boots)
Will    .....        (no amulet)
Stlth   ++           (no ring)
HPRegen 0.26/turn    (no ring)
MPRegen 0.13/turn

%: faith
@: no status effects
A: cold resistance 1, negative energy resistance 3, torment resistance 2, heat
vulnerability 1, in touch with death 1, no potions, faith
a: no special abilities


You were on level 5 of the Dungeon.
You visited 1 branch of the dungeon, and saw 5 of its levels.

You collected 215 gold pieces.

Inventory:

Hand Weapons
 c - a +0 dagger
 o - a +4 whip (weapon)
Armour
 a - a +0 robe (worn)
 b - a +0 pair of boots
 f - a +0 pair of boots
 h - a +0 pair of gloves
Jewellery
 d - an amulet of regeneration
 n - a ring of willpower
Wands
 j - a wand of flame (14)
Scrolls
 e - a scroll of silence {unknown}
 g - a scroll of fog {unknown}
 i - 2 scrolls of identify {unknown}
 k - a scroll of teleportation {unknown}
 l - a scroll of blinking {unknown}
 m - a scroll of torment {unknown}
 p - a scroll of enchant armour {unknown}


   Skills:
 - Level 1.5 Dodging
 - Level 1.5 Stealth
 + Level 5.1 Spellcasting
 + Level 2.8 Conjurations
 + Level 3.8 Earth Magic


You had 11 spell levels left.
You knew the following spells:

 Your Spells              Type           Power      Damage    Failure   Level
a - Stone Arrow           Conj/Erth      30%        3d8       11%         3
s - Sandblast             Erth           34%        2d9       3%          1

Your spell library contained the following spells:

 Spells                   Type           Power      Damage    Failure   Level
 Passwall                 Erth           17%        N/A       9%          3
 Brom's Barrelling Bould  Conj/Erth      15%        2d4       34%         4
 Petrify                  Alch/Erth      10%        N/A       54%         4


Dungeon Overview and Level Annotations

Branches:
Dungeon (5/15)
 Temple: D:4-7

Altars:

Shops:
D:4 (

Annotations:
D:3 1 runed translucent door, Bokken's ghost, amateur DEEE
D:5 Eustachio


Innate Abilities, Weirdness & Mutations

You are immune to poison.
Your flesh is cold resistant. (rC+)
You are immune to negative energy. (rN+++)
You are immune to unholy pain and torment.
You are vulnerable to heat. (rF-)
You are in touch with the powers of death.
You do not drink.
You have a special connection with the divine. (Faith)


Message History

Eustachio says, "Summoning is fun!"
The blast of sand hits the rat!
You kill the rat!
The rat's corpse disappears in a puff of smoke!
The quokka twitches its whiskers.
The rat barely misses you.
The blast of sand hits the rat!
You kill the rat!
The rat's corpse disappears in a puff of smoke!
Eustachio casts a spell.
Eustachio blinks!
Eustachio hits you with a +3 falchion of holy wrath!
You convulse!
You are too injured to fight recklessly!
You are too injured to fight recklessly!
Unknown command.
Casting: Sandblast (safe; 3% risk of failure)
Confirm with . or Enter, or press ? or * to list all spells.
Aiming: Stone Arrow (dangerous; 11% risk of failure)
Press: ? - help, Shift-Dir - straight line, f - Eustachio
Aim: Eustachio, wielding a +3 falchion of holy wrath, wearing a +3 leather armour of cold resistance and carrying a wand of flame (lightly wounded, 56% to hit)
The stone arrow misses Eustachio.
The quokka bites you.
Eustachio hits you with a +3 falchion of holy wrath!
* * * LOW HITPOINT WARNING * * *
You convulse!
* * * LOW HITPOINT WARNING * * *
Casting: Stone Arrow (dangerous; 11% risk of failure)
Confirm with . or Enter, or press ? or * to list all spells.
You don't know that spell.
Casting: Stone Arrow (dangerous; 11% risk of failure)
Confirm with . or Enter, or press ? or * to list all spells.
Aiming: Sandblast (safe; 3% risk of failure)
Press: ? - help, Shift-Dir - straight line, f/p - Eustachio
Aim: Eustachio, wielding a +3 falchion of holy wrath, wearing a +3 leather armour of cold resistance and carrying a wand of flame (lightly wounded, 75% to hit)
The blast of sand hits Eustachio.
Eustachio is lightly wounded.
The quokka closely misses you.
Eustachio hits you with a +3 falchion of holy wrath.
You die...
Eustachio twirls his moustache.

#..# #..# ###..# ....#
#!..# #...####.#
#...!....# #
#..##########
+.########...@@r))....
#....#.......#########
#...####..# ##..# #..#
#..# #..#.# ##.##
#..#.# #..###..#.#
#...##..#.#
#.#.##....#


You could see Eustachio and a quokka (summoned).

Vanquished Creatures
  An ogre (D:4)
  A hound (D:4)
  An orc priest (D:4)
  A gnoll (D:1)
  5 adders
  2 ribbon worms (D:2)
  A dart slug (D:4)
  9 orcs
  4 ball pythons
  9 endoplasms
  6 giant cockroaches
  3 goblins (D:1)
  7 hobgoblins
  3 jackals (D:3)
  11 kobolds
  2 quokkas
  A bat (D:2)
  3 frilled lizards
  6 rats
76 creatures vanquished.

Notes
Turn   | Place    | Note
-------+----------+-------------------------------------------
     0 | D:1      | SHC the Mummy Earth Elementalist began the quest for the
                  | Orb.
     0 | D:1      | Reached XP level 1. HP: 13/13 MP: 4/4
   132 | D:1      | Reached skill level 1 in Conjurations
   134 | D:1      | Reached skill level 3 in Spellcasting
   196 | D:1      | Reached XP level 2. HP: 11/19 MP: 0/6
   480 | D:1      | Reached XP level 3. HP: 24/24 MP: 5/7
   891 | D:1      | Learned a level 3 spell: Stone Arrow
  1403 | D:2      | Reached XP level 4. HP: 30/30 MP: 7/9
  1503 | D:2      | You fall into a shaft and drop 2 floors!
  1636 | D:4      | Noticed an ogre
  1642 | D:4      | Killed an ogre
  1643 | D:4      | Reached skill level 4 in Spellcasting
  1643 | D:4      | Reached XP level 5. HP: 16/35 MP: 4/11
  2068 | D:3      | Found a runed translucent door.
  2070 | D:3      | Noticed Bokken's ghost (amateur DEEE)
  3188 | D:4      | Reached skill level 5 in Spellcasting
  3188 | D:4      | Reached XP level 6. HP: 12/41 MP: 7/13
  3484 | D:4      | Found Jestriemy's Weapon Emporium.
  3693 | D:5      | Entered Level 5 of the Dungeon
  3764 | D:5      | Noticed Eustachio
  3774 | D:5      | Slain by Eustachio

Illustrated notes

Levels and vault maps discovered:
D:1:      lemuel_arrival_muddy, layout_rooms, minmay_octomino_c4
D:2:      layout_basic
D:3:      layout_basic, ebering_ghost_reflecting_pool, grunt_decor_junction,
          nicolae_figureground_sparkle
D:4:      layout_basic, serial_shops, nicolae_shop_behind_doors
D:5:      layout_basic, gup_sewer_entry_pipe, uniq_eustachio

Skill      XL: |  1  2  3  4  5 |
---------------+----------------+-----
Conjurations   | 1 2 |  2.8
Spellcasting   | 3 4 5 |  5.1
Earth Magic    | 3 |  3.8
Dodging        | |  1.5
Stealth        | |  1.5

Action                     |  1- 3 |  4- 6 || total
---------------------------+-------+-------++-------
  Melee: Unarmed           |     2 |       ||     2
         Dagger            |     6 |       ||     6
   Cast: Sandblast         |    66 |    60 ||   126
         Stone Arrow       |       |     1 ||     1
 Armour: Robe              |    14 |    14 ||    28
  Dodge: Dodged            |    14 |    14 ||    28

Table legend: (Time is in decaauts)
 A = Elapsed time spent in this place.
 B = Non-inter-level travel time spent in this place.
 C = Inter-level travel time spent in this place.
 D = Time resting spent in this place.
 E = Time spent auto-exploring this place.
 F = Levels seen in this place.
 G = Mean time per level.
                   A        B        C        D        E       F      G
               +--------+--------+--------+--------+--------+-----+--------+
         Total |   3836 |   3608 |    228 |     21 |   3132 |   5 |  767.2 |
       Dungeon |   3836 |   3608 |    228 |     21 |   3132 |   5 |  767.2 |
               +--------+--------+--------+--------+--------+-----+--------+

Top non-repeatable levels by time:
     D:3: 1150 daAuts
     D:1: 922 daAuts
     D:4: 872 daAuts
     D:2: 805 daAuts
     D:5: 85 daAuts
